 Dungeon Crawl Stone Soup version 0.25-a0-517-gf8b3a32422 (webtiles) character file.

Game seed: 11535013501070860815, levelgen mode: classic

28545 EnegeticOcto the Cleaver (level 13, -2/124 HPs)
             Began as a Deep Dwarf Fighter on Feb 17, 2020.
             Was a High Priest of Makhleb.
             Slain by a hornet (4 damage)
             ... while paralysed by a hornet
             ... on level 13 of the Dungeon.
             The game lasted 00:08:31 (9134 turns).

EnegeticOcto the Cleaver (Deep Dwarf Fighter)       Turns: 9134, Time: 00:08:31

Health: -2/124     AC: 16    Str: 25    XL:     13   Next: 10%
Magic:  4/4        EV:  2    Int:  9    God:    Makhleb [*****.]
Gold:   1362       SH:  0    Dex: 20    Spells: 12/12 levels left

rFire    . . .     SeeInvis +   a - +1 war axe (flame)
rCold    . . .     Gourm    .   c - +0 kite shield
rNeg     . . .     Faith    +   t - +0 chain mail of the Thinker {MR+ rCorr}
rPois    +         Spirit   .   q - +0 helmet
rElec    .         Reflect  .   A - +2 cloak
rCorr    +         Harm     .   z - +0 pair of gloves
MR       ++...                  (no boots)
Stlth    ..........             l - amulet of faith
HPRegen  0.00/turn              v - +5 ring of dexterity
MPRegen  0.09/turn              I - ring "Niocemoc" {rPois Dex+3 Slay+5 SInv, =R}

@: paralysed, non-regenerating, slowed, heavily drained
A: damage resistance, heal wounds, sense surroundings 2, no regeneration
a: Heal Wounds, Minor Destruction, Lesser Servant of Makhleb, Major Destruction,
Greater Servant of Makhleb, Renounce Religion


You were on level 13 of the Dungeon.
You worshipped Makhleb.
Makhleb was extremely pleased with you.
You were not hungry.

You visited 2 branches of the dungeon, and saw 14 of its levels.
You also visited: Sewer and Ice Cave.

You collected 1362 gold pieces.

Inventory:

Hand Weapons
 a - a +1 war axe of flaming (weapon)
Missiles
 F - 3 throwing nets (quivered)
Armour
 c - a +0 kite shield (worn)
 q - a +0 helmet (worn)
 t - the +0 chain mail of the Thinker (worn) {MR+ rCorr}
   (You found it on level 7 of the Dungeon)

   It affects your resistance to hostile enchantments.
   It provides partial protection from all sources of acid and corrosion.
   If you remove this armour, your AC will decrease by 11 (16 -> 5).
 z - a +0 pair of gloves (worn)
 A - a +2 cloak (worn)
Jewellery
 l - an amulet of faith (around neck)
 v - a +5 ring of dexterity (left hand)
 C - an uncursed ring of resist corrosion
 H - an uncursed amulet of harm {unknown}
 I - the ring "Niocemoc" (right hand) {rPois Dex+3 Slay+5 SInv, =R}
   (You found it in an ice cave)

   [ring of dexterity]

   It affects your dexterity (+3).
   It affects your accuracy and damage with ranged weapons and melee attacks
   (+5).
   It protects you from poison.
   It lets you see invisible.
Wands
 b - a wand of paralysis (15)
 s - a wand of digging (5) {@V2}
 D - a wand of acid (5) {@V1}
Scrolls
 d - 2 scrolls of immolation {@r4}
 f - a scroll of magic mapping {@r5}
 g - 8 scrolls of teleportation {@r2}
 n - 2 scrolls of remove curse {@r6}
 o - 5 scrolls of fear
 p - 3 scrolls of enchant weapon
 u - 4 scrolls of enchant armour
 y - a scroll of fog
Potions
 i - 2 potions of agility
 j - 2 potions of mutation
 k - a potion of might {@q3}
 m - a potion of resistance {@q6}
 r - 3 potions of magic
 w - 3 potions of curing {@q1}
 x - 2 potions of brilliance
 B - 2 potions of heal wounds {unknown}
 E - 3 potions of lignification {@q7}
Comestibles
 e - 22 rations
 h - 10 chunks of flesh


   Skills:
 * Level 10.5(8.1) Fighting
 * Level 12.1(9.5) Axes
 + Level 9.2(6.8) Armour
 + Level 8.5(6.1) Dodging
 + Level 9.2(6.9) Shields
 * Level 11.7(9.2) Invocations


You had 12 spell levels left.
You didn't know any spells.
Your spell library contained the following spells:

 Spells                   Type           Power        Failure   Level  Hunger
 Animate Skeleton         Necr           N/A          100%        1    ##.....
 Apportation              Tloc           #.....       100%        1    ##.....
 Beastly Appendage        Tmut           #.....       100%        1    ##.....
 Corona                   Hex            #......      100%        1    ##.....
 Summon Small Mammal      Summ           #...         100%        1    ##.....
 Sticks to Snakes         Tmut           #.......     100%        2    ###....
 Spider Form              Tmut/Pois      #.........   100%        3    ####...
 Cause Fear               Hex            #.........   100%        4    #####..
 Ice Form                 Ice/Tmut       #.......     100%        4    #####..
 Blade Hands              Tmut           #.........   100%        5    ######.
 Silence                  Hex/Air        #.........   100%        5    ######.
 Yara's Violent Unravell  Hex/Tmut       #.........   100%        5    ######.
 Deflect Missiles         Chrm/Air       #.........   100%        6    #######
 Discord                  Hex            #.........   100%        8    #######


Dungeon Overview and Level Annotations

Branches:
Dungeon (13/15)            Temple (1/1) D:5            Lair (0/6) D:8
    Orc (0/2) D:10          Sewer (visited)           IceCv (visited)
 Vaults: D:13-14

Altars:
Ashenzari
Cheibriados
Dithmenos
Elyvilon
Fedhas
Gozag
Hepliaklqana
Kikubaaqudgha
Makhleb
Nemelex Xobeh
Okawaru
Qazlal
Ru
Sif Muna
Trog
Uskayaw
Vehumet
Wu Jian
Xom
Yredelemnul
Zin

Shops:
D:8 %


Innate Abilities, Weirdness & Mutations

You are resistant to damage.
You can heal yourself by infusing magical energy.
You passively map the area around you.
You do not regenerate.


Message History

A freezing wraith comes into view.
The centaur warrior wields a +0 shortbow.
The centaur warrior shoots an arrow.
You block the arrow.
A battlesphere comes into view.
You see here an arrow.
The centaur warrior shoots an arrow.
You block the arrow.
Found 15 gold pieces.
You see here an arrow.
You slash the centaur warrior! You burn the centaur warrior.
The centaur warrior is moderately wounded.
You slash the wolf spider zombie! You burn the wolf spider zombie!
The centaur warrior unwields a +0 shortbow.
You block the centaur warrior's attack.
A wyvern comes into view.
You barely miss the centaur warrior.
The centaur warrior is moderately wounded.
Your shield and chain mail of the Thinker prevent you from hitting the tengu reaver.
The centaur warrior completely misses you.
A cyclops comes into view.
You block the centaur warrior's attack.
Your chain mail of the Thinker prevents you from hitting the centaur warrior.
The centaur warrior is moderately wounded.
You hit the hornet. You burn the hornet.
You catch the helpless battlesphere completely off-guard!
You slash the battlesphere! You burn the battlesphere.
The tengu reaver blocks your attack. The hornet misses you.
The centaur warrior hits you!
The tengu reaver hits you with a +4 long sword of draining!
You feel drained. The tengu reaver pecks you!
The tengu reaver closely misses you. The hornet misses you.
You slash the centaur warrior! You burn the centaur warrior.
The centaur warrior is heavily wounded.
You hit the hornet but do no damage. You slash the wolf spider zombie!
You burn the wolf spider zombie. The tengu reaver blocks your attack.
The centaur warrior barely misses you.
The wolf spider zombie barely misses you.
You block the wolf spider zombie's attack.
The hornet misses you.
The tengu reaver hits you with a +4 long sword of draining!!
You feel drained.
The tengu reaver pecks you but does no damage.
You block the tengu reaver's attack. You block the centaur warrior's attack.
You hit the centaur warrior. You burn the centaur warrior.
The centaur warrior is heavily wounded.
The tengu reaver blocks your attack.
You closely miss the freezing wraith.
Your shield and chain mail of the Thinker prevent you from hitting the hornet.
You block the hornet's attack.
The centaur warrior hits you but does no damage.
The hornet barely misses you.
The tengu reaver hits you with a +4 long sword of draining.
You feel drained. The tengu reaver pecks you.
The tengu reaver claws you but does no damage.
The centaur warrior hits you but does no damage.
The shadow hits you. The freezing wraith misses you.
The freezing wraith hits you but does no damage.
You barely miss the centaur warrior.
The centaur warrior is heavily wounded.
You barely miss the shadow. You closely miss the hornet.
You hit the freezing wraith. You burn the freezing wraith.
The tengu reaver blocks your attack.
The hornet stings you but does no damage.
The centaur warrior hits you but does no damage.
The tengu reaver hits you with a +4 long sword of draining!
You feel drained.
The tengu reaver pecks you but does no damage.
The tengu reaver claws you but does no damage.
Your chain mail of the Thinker prevents you from hitting the centaur warrior.
The centaur warrior is heavily wounded.
You barely miss the tengu reaver. You slice the freezing wraith!!
You burn the freezing wraith! You slash the hornet! You burn the hornet.
You slash the shadow! You burn the shadow. The hornet stings you!
You suddenly lose the ability to move!
The centaur warrior hits you. The freezing wraith barely misses you.
The freezing wraith hits you. The shadow hits you.
The hornet stings you but does no damage.
The centaur warrior hits you but does no damage.
The shadow hits you.
The freezing wraith hits you but does no damage. x2
The tengu reaver hits you but does no damage.
You feel drained. The tengu reaver pecks you. The tengu reaver claws you.
The hornet stings you!
You feel yourself slow down. The centaur warrior hits you!
* * * LOW HITPOINT WARNING * * *
The shadow hits you.
The freezing wraith hits you but does no damage.
The freezing wraith hits you!
* * * LOW HITPOINT WARNING * * *
The freezing wraith drains your vigour!
You feel as though you will be slow longer.
The hornet stings you. The centaur warrior hits you.
* * * LOW HITPOINT WARNING * * *
The tengu reaver hits you with a +4 long sword of draining!
* * * LOW HITPOINT WARNING * * *
You feel drained.
* * * LOW HITPOINT WARNING * * *
The tengu reaver pecks you but does no damage.
The tengu reaver claws you!
* * * LOW HITPOINT WARNING * * *
The hornet stings you!
You die...

.#.#.##
.....#..##[#.#....#
#.#.##
.......#..##.#.#...#
.#.##
,........#..##.#.#).#
#.##, *
...$.....#..##.#.#.#
### ,
..........#...#.#.##
# ,
,.$.⌠C$...*.#...#.#.#
#* ,
.......l.(#...#.#.##
#
...$..WyW#..##.#.#.#
.# *,
.....ZQ@#..##.#.#..#
#.# ,,
......c#..##.#.#...#
.#.#, *,
#.....#..##.#.#....#
.?#. , *
.#...#..##.#.#.....#
,, *
..#.#..##.#.#...#..#
* , , #..#..#
.#.#...##..# * ,
,##., * *.#...# *..#
, # , , , , * * ,


You could see a tengu reaver, a centaur warrior, a cyclops, a freezing wraith, a
hornet, a wyvern, a shadow, a battlesphere and a wolf spider zombie.

Vanquished Creatures
  Fannar (D:12)
  A centaur warrior (D:13)
  3 hydras
  An ice dragon (IceCv)
  4 two-headed ogres
  A tengu warrior (D:13)
  An unseen horror (D:13)
  2 ugly things
  2 manticores
  2 deep elf magi
  3 cyclopes
  2 ice statues (IceCv)
  The ghost of FrozenTrovador the Archer, a novice CeHu (D:5)
  2 rime drakes (IceCv)
  A kobold demonologist (D:11)
  2 ice devils (D:12)
  2 trolls
  2 hornets
  A merfolk (D:9)
  4 hippogriffs
  A slime creature (D:13)
  A meliai zombie (D:11)
  A wyvern (D:13)
  A wraith (D:10)
  2 hungry ghosts
  14 yaks
  A steam dragon (D:8)
  A water moccasin (D:9)
  2 black bears (D:11)
  18 ice beasts
  A sky beast (D:9)
  10 orc warriors
  A necrophage (D:9)
  5 ogres
  5 phantoms
  12 centaurs
  7 big kobolds
  9 bullfrogs
  A wyvern zombie (D:8)
  6 gnoll sergeants
  17 killer bees
  2 scorpions
  4 wights
  3 howler monkeys
  2 bullfrog zombies
  4 crimson imps
  2 quasits
  5 hounds
  12 orc wizards
  A gnoll shaman (D:5)
  4 orc priests
  5 centaur skeletons
  Crazy Yiuf (D:6)
  Ijyb (D:5)
  A bullfrog skeleton (D:4)
  Natasha (twice) (D:4)
  7 iguanas
  A merfolk avatar (Sewer)
  A merfolk siren (Sewer)
  11 worker ants
  A worker ant zombie (D:8)
  Robin (D:4)
  11 gnolls
  9 adders
  3 shadow imps
  An adder zombie (D:9)
  2 adder skeletons
  2 worms
  10 leopard geckos
  35 orcs
  5 ball pythons
  3 bats
  3 giant cockroaches
  2 hobgoblins (D:4)
  2 jackals (D:10)
  4 quokkas
  3 frilled lizards
  9 goblins
  15 kobolds
  A leopard gecko zombie (D:8)
  2 quokka zombies
  22 rats
  A plant (D:5)
370 creatures vanquished.

Vanquished Creatures (collateral kills)
  An ice dragon (IceCv)
1 creature vanquished.

Grand Total: 371 creatures vanquished

Notes
Turn   | Place    | Note
-------+----------+-------------------------------------------
     0 | D:1      | EnegeticOcto the Deep Dwarf Fighter began the quest for the
                  | Orb.
     0 | D:1      | Reached XP level 1. HP: 20/20 MP: 1/1
   252 | D:3      | Reached XP level 2. HP: 25/27 MP: 2/2
   490 | D:4      | Reached XP level 3. HP: 31/34 MP: 3/3
   497 | D:4      | Reached skill level 3 in Axes
   497 | D:4      | Reached skill level 1 in Dodging
   497 | D:4      | Reached XP level 4. HP: 38/42 MP: 4/4
   532 | D:4      | Reached XP level 5. HP: 31/49 MP: 5/5
   594 | D:4      | Noticed a phantom
   645 | D:4      | Killed a phantom
   645 | D:4      | Reached skill level 4 in Axes
   658 | D:4      | Noticed a phantom
   660 | D:4      | Noticed Robin
   672 | D:4      | Killed Robin
   680 | D:4      | Killed a phantom
   680 | D:4      | Reached XP level 6. HP: 57/57 MP: 5/5
   724 | D:4      | Noticed Natasha
   733 | D:4      | Killed Natasha
   989 | D:4      | Noticed Natasha
  1002 | D:4      | Killed Natasha
  1068 | D:4      | Found a shadowy altar of Dithmenos.
  1170 | D:4      | You fall into a shaft and drop 3 floors!
  1170 | D:7      | Noticed a hippogriff
  1183 | D:7      | Killed a hippogriff
  1183 | D:7      | Reached skill level 5 in Axes
  1183 | D:7      | Reached XP level 7. HP: 53/66 MP: 6/6
  1207 | D:7      | Got a faintly humming chain mail
  1218 | D:7      | Identified the cursed +0 chain mail of the Thinker {MR+
                  | rCorr} (You found it on level 7 of the Dungeon)
  1256 | D:6      | Found a snail-covered altar of Cheibriados.
  1282 | D:6      | Reached skill level 5 in Fighting
  1294 | D:6      | Found a glowing drain.
  1313 | Sewer    | Entered a sewer
  1823 | D:6      | Found an opulent altar of Gozag.
  1824 | D:6      | Found a basalt altar of Yredelemnul.
  1826 | D:6      | Found a sparkling altar of Nemelex Xobeh.
  1961 | D:6      | Reached skill level 5 in Shields
  2004 | D:5      | Entered Level 5 of the Dungeon
  2009 | D:5      | Reached skill level 5 in Armour
  2009 | D:5      | Reached XP level 8. HP: 68/74 MP: 6/6
  2093 | D:5      | Found a transporter.
  2104 | D:5      | Identified the cursed +0 spear "Ogrebane" {elec, Int+2
                  | Dex+2}
  2104 | D:5      | Identified the +1 scale mail of the Amoeba {rElec Int+3}
  2148 | D:5      | Found a transporter.
  2154 | D:5      | Noticed FrozenTrovador's ghost (novice CeHu)
  2190 | D:5      | Reached skill level 6 in Axes
  2220 | D:5      | Killed FrozenTrovador's ghost
  2313 | D:5      | Noticed Ijyb
  2325 | D:5      | Killed Ijyb
  2470 | D:5      | Found a staircase to the Ecumenical Temple.
  2488 | D:5      | Reached skill level 7 in Axes
  2512 | Temple   | Entered the Ecumenical Temple
  2551 | Temple   | Became a worshipper of Makhleb the Destroyer
  3158 | D:6      | Found a bloodstained altar of Trog.
  3169 | D:6      | Reached skill level 1 in Invocations
  3169 | D:6      | Gained mutation: You passively map the area around you.
                  | [Deep Dwarf growth]
  3169 | D:6      | Reached XP level 9. HP: 44/85 MP: 6/6
  3338 | D:6      | Found a runed translucent door.
  3339 | D:6      | Noticed Crazy Yiuf
  3347 | D:6      | Killed Crazy Yiuf
  4104 | D:8      | Reached skill level 5 in Dodging
  4106 | D:8      | Reached * piety under Makhleb
  4140 | D:8      | Found a staircase to the Lair.
  4195 | D:8      | Paralysed by a hornet for 3 turns
  4223 | D:8      | Reached skill level 8 in Axes
  4360 | D:8      | Found a white marble altar of Elyvilon.
  4363 | D:8      | Found a shimmering blue altar of Sif Muna.
  4366 | D:8      | Found a blossoming altar of Fedhas.
  4434 | D:8      | Reached skill level 5 in Invocations
  4443 | D:8      | Reached XP level 10. HP: 52/94 MP: 6/6
  4573 | D:8      | Noticed a two-headed ogre
  4590 | D:8      | Killed a two-headed ogre
  4747 | D:8      | Reached ** piety under Makhleb
  4930 | D:8      | Found Duvulib's Food Shoppe.
  5260 | D:9      | Reached skill level 9 in Axes
  5461 | D:9      | Noticed a two-headed ogre
  5472 | D:9      | Killed a two-headed ogre
  5880 | D:10     | Entered Level 10 of the Dungeon
  5986 | D:10     | Reached XP level 11. HP: 103/104 MP: 7/7
  6020 | D:10     | Reached *** piety under Makhleb
  6096 | D:10     | Found a staircase to the Orcish Mines.
  6486 | D:10     | Reached skill level 10 in Axes
  6845 | D:11     | Reached **** piety under Makhleb
  6898 | D:11     | Noticed a five-headed hydra
  6911 | D:11     | Killed a one-headed hydra
  6952 | D:11     | Noticed an eight-headed hydra
  6962 | D:11     | Killed a two-headed hydra
  6987 | D:11     | Noticed a two-headed ogre
  6996 | D:11     | Noticed a soul eater
  6998 | D:11     | Killed a two-headed ogre
  7128 | D:11     | Reached XP level 12. HP: 115/115 MP: 5/5
  7195 | D:11     | Noticed a two-headed ogre
  7204 | D:11     | Killed a two-headed ogre
  7204 | D:11     | Reached skill level 11 in Axes
  7204 | D:11     | Reached skill level 10 in Invocations
  7695 | D:12     | Reached ***** piety under Makhleb
  7833 | D:12     | Found a frozen archway.
  7871 | D:12     | Noticed a four-headed hydra
  7878 | D:12     | Killed a one-headed hydra
  7915 | IceCv    | Entered an ice cave
  7952 | IceCv    | Reached skill level 10 in Fighting
  8128 | IceCv    | Noticed an ice dragon
  8128 | IceCv    | Noticed an ice dragon
  8145 | IceCv    | Killed an ice dragon
  8157 | IceCv    | Killed an ice dragon
  8180 | IceCv    | Got a fine golden ring
  8398 | IceCv    | Identified the ring "Niocemoc" {rPois Dex+3 Slay+5 SInv}
                  | (You found it in an ice cave)
  8458 | D:12     | Noticed Fannar
  8465 | D:12     | Killed Fannar
  9021 | D:13     | Noticed a centaur warrior
  9029 | D:13     | Killed a centaur warrior
  9049 | D:13     | Noticed a tengu warrior
  9056 | D:13     | Reached skill level 12 in Axes
  9056 | D:13     | Reached XP level 13. HP: 94/124 MP: 4/4
  9122 | D:13     | Noticed a tengu reaver
  9132 | D:13     | Paralysed by a hornet for 3 turns
  9134 | D:13     | HP: 6/124 [tengu reaver/+4 long sword of draining (5)]
  9134 | D:13     | HP: 2/124 [tengu reaver/+4 long sword of draining (4)]
  9134 | D:13     | Slain by a hornet

Levels and vault maps discovered:
D:1:      psy_arrival_terrarium, layout_basic
D:2:      layout_basic, tso_metal_star
D:3:      layout_basic, minmay_misc_feat_rows
D:4:      layout_loops_ring, grunt_dithmenos_shadows, first_ration, uniq_robin,
          uniq_natasha
D:5:      layout_basic, minmay_temple_entry_arrows,
          gammafunk_ghost_gnarly_gnolls, uniq_ijyb
D:6:      layout_loops_corners, overflow_temple_1_default,
          nicolae_overflow_hidden_temple, basic_altar,
          cheibrodos_sewer_entry_bend, uniq_crazy_yiuf_cottage
D:7:      layout_loops_ring
D:8:      layout_layer_cave, grunt_temple_overflow_diamond, lair_entry_dummy,
          serial_shops, kennysheep_mini
D:9:      layout_grid_maze, hangedman_fish_farm, minmay_misc_feat_more_columns,
          minmay_misc_feat_chi
D:10:     layout_irregular_city, kennysheep_orc_monster_closet_entryway,
          chequers_serial_rivers_small_3
D:11:     layout_gridville
D:12:     layout_cave_pods, portal_ice_cave_demonic_guard, uniq_fannar
D:13:     evilmike_diamond_2, layout_rooms, lightli_vaults_fourway_checkpoint
Temple:   cyrus_circular_temple

Skill      XL: |  1  2  3  4  5  6  7  8  9 10 11 12 |
---------------+-------------------------------------+-----
Fighting       | 3 4 5 6 7 8 9 10 | 10.5
Axes           | 3 4 5 7 8 9 10 12 | 12.1
Dodging        | 1 2 3 4 5 6 7 8 |  8.5
Armour         | 4 5 6 7 8 9 |  9.2
Shields        | 4 5 6 7 8 9 |  9.2
Invocations    | 1 5 7 9 11 | 11.7

Action                   |  1- 3 |  4- 6 |  7- 9 | 10-12 | 13-15 || total
-------------------------+-------+-------+-------+-------+-------++-------
Melee: War axe           |    59 |   131 |   495 |   795 |    30 ||  1510
Invok: Lesser Servant of |       |       |       |     2 |       ||     2
 Abil: Heal Wounds       |       |     3 |    25 |    38 |     3 ||    69
  Use: Potion            |       |       |     1 |     1 |       ||     2
       Scroll            |       |       |    14 |    14 |       ||    28
 Stab: Invisible         |       |       |       |     4 |       ||     4
       Distracted        |       |       |       |       |     1 ||     1
  Eat: Chunk             |       |     1 |     8 |    16 |     1 ||    26
       Ration            |       |       |     2 |       |       ||     2
Armor: Scale mail        |    40 |    63 |     3 |       |       ||   106
       Chain mail        |       |       |   330 |   412 |    28 ||   770
Dodge: Dodged            |    11 |    54 |   232 |   342 |    24 ||   663
Block: Kite shield       |    38 |    57 |   391 |   589 |    23 ||  1098

Table legend:
 A = Non-vault XP
 B = Vault XP
 C = Vault XP percentage of total XP
 D = Non-vault monster count
 E = Vault monster count
 F = Vault count percentage of total count
                 A         B        C        D         E       F
            +---------+---------+-------+---------+---------+-------
      Total |   26467 |   14312 |  35.1 |     255 |     115 |  31.1
            +---------+---------+-------+---------+---------+-------
        D:1 |       9 |       0 |   0.0 |       5 |       0 |   0.0
        D:2 |       1 |       0 |   0.0 |       1 |       0 |   0.0
        D:3 |      14 |       0 |   0.0 |       6 |       0 |   0.0
        D:4 |     585 |      82 |  12.3 |      15 |      13 |  46.4
        D:5 |     662 |     740 |  52.8 |      21 |       9 |  30.0
        D:6 |     265 |      41 |  13.4 |       8 |       2 |  20.0
        D:7 |    1122 |       0 |   0.0 |      15 |       0 |   0.0
        D:8 |    3080 |       0 |   0.0 |      44 |       0 |   0.0
        D:9 |    3389 |     270 |   7.4 |      35 |       1 |   2.8
       D:10 |    2152 |    1801 |  45.6 |      20 |      20 |  50.0
       D:11 |    9602 |       0 |   0.0 |      50 |       0 |   0.0
       D:12 |    3575 |    1601 |  30.9 |      23 |       3 |  11.5
       D:13 |    2011 |    4766 |  70.3 |      12 |      11 |  47.8
      Sewer |       0 |     132 | 100.0 |       0 |      36 | 100.0
      IceCv |       0 |    4879 | 100.0 |       0 |      20 | 100.0
            +---------+---------+-------+---------+---------+-------
